Bugari, chaotic female human Monk ----- ---...-- 0 --......| |.......| 0 --.....-- ....| ---...-- .%...| |....|--- .....<..-- |....|..------ ...%).)).| --....@....... .-----%.%-- ---|-...B....--- --%)%.--.--)....)...- |.......%%......... --.......|.|.... Bugari the Initiate Experience level: 8 Strength: 18/03 Dexterity: 11 Constitution: 10 Intelligence: 15 Wisdom: 10 Charisma: 10 Health: 0(58) Energy: 36(37) AC: 1 Gold: 1003 Moves: 2435 Your Inventory: Coins $ - 1003 gold pieces Amulets O - an [uncursed] circular amulet [of magical breathing] Weapons n - an [uncursed +0] crude dagger [orcish] v - an [uncursed +0] crossbow (weapon in hand) w - 10 [uncursed +0] crossbow bolts (in quiver) H - 11 [cursed -1] arrows J - 14 [blessed +1] crossbow bolts U - 7 [uncursed +2] crossbow bolts Armor a - a blessed +2 pair of leather gloves (being worn) b - an uncursed +1 robe (being worn) o - an [uncursed] +0 orcish helm (being worn) F - an [uncursed] +0 pair of iron shoes (being worn) V - an [uncursed] +0 dwarvish mithril-coat Comestibles f - 3 uncursed food rations g - 6 uncursed apples h - 5 uncursed oranges i - 4 uncursed fortune cookies p - 2 [uncursed] tins [of fox meat] Scrolls d - a blessed scroll of remove curse N - an [uncursed] scroll labeled LOREN IPSUM [of confuse monster] T - an [uncursed] scroll labeled ELAM EBOW [of scare monster] Potions e - 3 uncursed potions of healing E - an [uncursed] dark potion [of confusion] Rings C - an [uncursed] jet ring [of polymorph control] P - a [blessed +1] ceramic ring [of protection] Tools j - an uncursed magic marker (0:32) t - 3 [uncursed wax] candles x - an [uncursed] lock pick z - an [uncursed] key [skeleton key] B - an [uncursed] brass lantern W - an [uncursed] partly used [tallow] candle (lit) Gems Q - an [uncursed] red gem [worthless glass] R - an [uncursed] yellow gem [worthless glass] Spells known in the end: Name Level Category Fail Memory a - protection 1 clerical 0% [||||||||] Your skills at the end: Fighting Skills martial arts [Skilled / Grand Master] Weapon Skills Spellcasting Skills healing spells [Basic / Expert] Final Attributes: You were devoutly aligned. Hunger level was 1269. Your alignment was 19 / 22. Monster difficulty range was 1 - 7. Level difficulty was 7. You were immune to sleep. You were immune to poison. You saw invisible. You were warned. You were stealthy. You were fast. Your luck was zero. You are dead. Vanquished creatures: a small mimic a mumak a giant spider a gnome king a gnome mummy a mountain nymph 2 Uruk-hai a fog cloud 3 gnome lords 2 gnomish wizards a kobold mummy a guardian naga hatchling 2 little dogs 9 dwarves a rabid rat 5 hobbits a giant rat a brown mold a yellow mold 46 gnomes a jackal 2 kobolds 2 goblins 7 grid bugs 2 lichens a kobold zombie 5 newts 102 creatures vanquished. Voluntary challenges: You pretended to be a vegetarian. You used a wielded weapon 22 times. You read items or engraved 2 times. You put on armor 6 times. You never genocided any monsters. You never polymorphed an object. You never changed form. You used no wishes. You never wrote Elbereth's name. You never encountered a bones level. You never used any Sokoban shortcuts. Dungeon overview: The Dungeons of Doom: levels 1 to 2 Level 1 a fountain a long staircase Level 2 a fountain stairs to The Gnomish Mines The Gnomish Mines: levels 3 to 7 Level 3 stairs to The Dungeons of Doom Level 5 a general store, a temple, a magic chest, some fountains Level 7 <- You were here History has recorded: On T:1 you entered the Dungeons of Doom to retrieve the Amulet of Yendor! On T:424 you reached level 2 of The Dungeons of Doom. On T:425 you advanced to experience level 2. On T:467 you advanced to experience level 3. On T:658 you reached level 1 of The Gnomish Mines. On T:667 you advanced to experience level 4. On T:710 you advanced to experience level 5. On T:904 you advanced to experience level 6. On T:1068 you reached level 2 of The Gnomish Mines. On T:1189 you advanced to experience level 7. On T:1654 you reached level 3 of The Gnomish Mines. On T:1923 you reached level 4 of The Gnomish Mines. On T:2249 you reached level 5 of The Gnomish Mines. On T:2263 you advanced to experience level 8. Latest messages: The crossbow bolt hits it. [HP+1=20] The crossbow bolt hits the vampire bat. The vampire bat bites! (3x) The vampire bat misses. [HP-6=14] v - a crossbow (weapon in hand). You have no secondary weapon readied. You begin bashing monsters with your crossbow. You hit the vampire bat. The vampire bat misses. The vampire bat bites! (3x) [HP-3=11] You miss the vampire bat. The vampire bat bites! (2x) [HP-5=6] You see no objects here. You begin praying to Huan Ti. [HP+1=7] The vampire bat bites! (3x) You die... Final status: Punardarsanaya Bugari the Monk... You died in The Gnomish Mines on dungeon level 7 with 1203 points, and 1003 pieces of gold, after 2435 moves. You were level 8 with a maximum of 58 hit points when you died.